 Dungeon Crawl Stone Soup version 0.27-a0-1532-gca18f49f40 (webtiles) character file.

Game seed: 13832719230182241733

12058 flotson the Cleaver (level 11, -11/97 HPs)
             Began as a Hill Orc Delver on July 12, 2021.
             Was a Priest of Beogh.
             Mangled by Donald (19 damage)
             ... on level 2 of the Orcish Mines.
             The game lasted 00:31:00 (17387 turns).

flotson the Cleaver (Hill Orc Delver)              Turns: 17387, Time: 00:31:03

Health: -11/97     AC: 13    Str: 19    XL:     11   Next: 87%
Magic:  0/16       EV: 11    Int: 16    God:    Beogh [***...]
Gold:   533        SH:  9    Dex: 12    Spells: 10/10 levels left

rFire    . . .     SeeInvis .   a - +6 spear "Umepuus" {holy, rC+ rN+ Will+}
rCold    + + .     Faith    .   T - +0 kite shield
rNeg     + . .     Spirit   +   M - +3 ring mail {rC+}
rPois    .         Reflect  .   (no helmet)
rElec    .         Harm     +   d - scarf {harm}
rCorr    .         Rampage  .   (no gloves)
Will     +....                  r - +2 pair of boots
Stlth    ++........             u - amulet of guardian spirit
HPRegen  0.26/turn              s - +6 ring of intelligence
MPRegen  0.15/turn              (no ring)

@: no status effects
A: no striking features
a: Renounce Religion, Smiting


You were on level 2 of the Orcish Mines.
You worshipped Beogh.
Beogh was most pleased with you.
You visited 3 branches of the dungeon, and saw 13 of its levels.
You also visited: Bailey.

You collected 533 gold pieces.

Inventory:

Hand Weapons
 a - the +6 spear "Umepuus" (weapon) {holy, rC+ rN+ Will+}
   (You found it on level 4 of the Dungeon)

   It has been blessed by the Shining One to cause great damage to the undead
   and demons.
   rC:        It protects you from cold.
   rN:        It protects you from negative energy.
   Will:      It increases your willpower.
 e - a +0 scimitar of flaming
 o - a +0 mace of draining
 q - a +0 hand axe
 J - a +5 battleaxe
 K - a +0 broad axe
Missiles
 b - 3 boomerangs of dispersal
 l - 45 poisoned darts
 z - 11 curare-tipped darts (quivered)
 N - 17 boomerangs
 S - a throwing net
Armour
 d - a scarf of harm (worn)
 r - a +2 pair of boots (worn)
 M - a +3 ring mail of cold resistance (worn)
 T - a +0 kite shield (worn)
Jewellery
 s - a +6 ring of intelligence (left hand)
 u - an amulet of guardian spirit (around neck)
 Q - an amulet of faith
Wands
 g - a wand of digging (3)
 v - a wand of acid (10)
 E - a wand of flame (11)
 H - a wand of paralysis (4)
Scrolls
 c - 2 scrolls of fog
 h - 3 scrolls of enchant armour {unknown}
 m - 7 scrolls of teleportation
 p - a scroll of amnesia {unknown}
 t - 4 scrolls of blinking {unknown}
 w - a scroll of acquirement {unknown}
 B - 4 scrolls of holy word {unknown}
 C - 2 scrolls of summoning {unknown}
 L - 2 scrolls of enchant weapon {unknown}
 U - a scroll of torment {unknown}
Potions
 f - 2 potions of lignification
 j - a potion of mutation
 k - 2 potions of attraction
 x - 2 potions of ambrosia
 D - a potion of berserk rage
 F - a potion of might
 I - 2 potions of curing
 O - a potion of resistance
 P - a potion of invisibility
 R - 3 potions of heal wounds


   Skills:
 + Level 9.5 Fighting
 + Level 10.0 Axes
 - Level 6.0 Throwing
 + Level 8.0 Armour
 + Level 6.3 Dodging
 - Level 4.1 Stealth
 + Level 4.6 Shields
 - Level 7.0 Invocations
 - Level 6.0 Evocations


You had 10 spell levels left.
You didn't know any spells.
Your spell library contained the following spells:

 Spells                   Type           Power      Damage    Failure   Level
 Summon Small Mammal      Summ           0%         N/A       83%         1
 Call Canine Familiar     Summ           0%         N/A       99%         3
 Summon Guardian Golem    Hex/Summ       0%         N/A       99%         3


Dungeon Overview and Level Annotations

Branches:
Dungeon (10/15)            Temple (0/1) D:5            Lair (1/6) D:8
    Orc (1/2) D:9          Bailey (visited)

Altars:
Ashenzari
Cheibriados
Dithmenos
Gozag
Okawaru
Sif Muna
Yredelemnul
The Shining One

Shops:
D:9 [[[

Annotations:
D:7 4 runed translucent doors
Orc:2 Donald


Message History

The orc wizard hits your orc warrior with a +1 dagger of pain.
Your orc warrior completely misses the orc wizard.
Found 23 gold pieces.
Donald says, "You think you're the Messiah?
I met another guy who thought that, too."
The orc warrior goes into a battle-frenzy!
Your orc wizard gestures at the orc high priest while chanting.
The puff of flame hits the orc high priest.
Something hits the orc wizard!
The orc wizard dies!
Beogh accepts your kill.
An arrow appears from out of your range of vision.
The arrow hits your orc wizard.
The orc high priest misses your orc wizard.
The bolt hits your orc wizard!
Your orc wizard dies!
Unknown command.
You swap places.
Your surroundings seem slightly different.
Donald hits you with a +0 broad axe!
* * * LOW HITPOINT WARNING * * *
Donald hits you with a +0 broad axe!
* * * LOW HITPOINT WARNING * * *
Donald barely misses your orc.
An orc wizard comes into view. It is wielding a +0 dagger.
The centaur shoots an arrow.
The arrow barely misses your orc.
The arrow hits Donald but does no damage.
As you read the scroll of fear, it crumbles to dust.
You assume a fearsome visage.
The centaur looks frightened!
Donald easily resists.
The orc high priest resists with some effort.
The troll resists with some effort.
The cyclops looks frightened!
The orc wizard looks frightened!
You block Donald's attack.
Donald hits your orc with a +0 broad axe!
Your orc dies!
The orc high priest prays to Beogh.
The orc wizard mumbles some strange words.
The orc wizard flickers and vanishes!
Deactivating autopickup; reactivate with Ctrl-A.
Donald hits you with a +0 broad axe!!
You die...

..... ... #.. c...#
#.. #...c# .##))...###
.......3o#..##
...#..)..o...##
#.........cT..##
.........#@.ยง# #
......#.#..@#..$..#
#.. #.#....#..o.......
.$...#................
.....))..88888888.#...
.....))..8888.888)....
#.$................{..
.#..)......C.8.......
#.$.........8.......
..#...............


You could see Donald (fast, strong), a soul eater (summoned), an orc high priest
(ally target), a cyclops (fleeing), a troll, an orc warrior (strong), 2 centaurs
and a friendly orc warrior.

Vanquished Creatures
  Snorg (D:10)
  Erica (D:7)
  A two-headed ogre (D:10)
  A tengu warrior (D:10)
  2 orc knights (Bailey)
  A tengu conjurer (D:10)
  9 yaks
  A vampire (D:10)
  A wyvern (D:9)
  3 steam dragons
  2 wargs (Orc:1)
  Menkaure (D:4)
  2 water moccasins (D:5)
  4 orc warriors
  4 ice beasts
  A black bear (D:7)
  2 ogres
  A sky beast (D:8)
  A centaur (D:7)
  A kobold brigand (D:7)
  5 bullfrogs
  A gnoll sergeant (D:9)
  A scorpion (D:3)
  A wyvern skeleton (D:7)
  2 howler monkeys
  3 bullfrog zombies
  A bullfrog skeleton (D:4)
  2 centaur zombies
  2 jellies
  A quasit (D:6)
  A centaur skeleton (D:7)
  7 orc priests
  2 hounds
  2 iguanas (D:5)
  A gnoll shaman (D:7)
  5 orc wizards
  A mummy (D:6)
  A howler monkey zombie (D:10)
  16 gnolls
  7 adders
  An ufetubus (D:5)
  An adder zombie (D:5)
  4 worms
  An adder skeleton (D:4)
  2 dart slugs
  42 orcs
  5 bats
  8 endoplasms
  7 giant cockroaches
  6 hobgoblins
  8 jackals
  A quokka (D:2)
  9 ball pythons
  15 goblins
  4 hobgoblin zombies (D:6)
  11 kobolds
  A kobold skeleton (D:6)
  A kobold zombie (D:6)
  4 orc skeletons (D:6)
  3 orc zombies (D:6)
  4 rats
  A bush (D:2)
241 creatures vanquished.

Vanquished Creatures (collateral kills)
  A two-headed ogre (D:10)
  An orc high priest (Orc:1)
  An orc sorcerer (Orc:1)
  A centaur zombie (D:10)
  A komodo dragon (Lair:1)
  A troll (Orc:1)
  7 yaks
  A warg (Orc:1)
  2 orc warriors
  2 ogres (Orc:1)
  A bullfrog (Lair:1)
  A howler monkey (D:10)
  3 orc wizards
  4 orcs
27 creatures vanquished.

Vanquished Creatures (others)
  2 orc warriors (Orc:2)
  3 orc priests
  An orc wizard (Orc:2)
  11 orcs
  A ball python (D:3)
  9 plants (D:2)
27 creatures vanquished.

Grand Total: 295 creatures vanquished

Notes
Turn   | Place    | Note
-------+----------+-------------------------------------------
     0 | D:5      | flotson the Hill Orc Delver began the quest for the Orb.
     0 | D:5      | Reached XP level 1. HP: 19/19 MP: 1/1
    24 | D:5      | Noticed an ice beast
    27 | D:5      | Noticed a jelly
    30 | D:5      | Noticed an orc priest
   466 | D:3      | Reached XP level 2. HP: 17/27 MP: 2/2
   588 | D:3      | Noticed a scorpion
   647 | D:2      | Reached skill level 3 in Axes
   802 | D:2      | Reached skill level 1 in Armour
   865 | D:2      | Reached XP level 3. HP: 31/33 MP: 3/3
   945 | D:1      | Found a faded altar of an unknown god.
   956 | D:1      | Reached skill level 1 in Evocations
  2067 | D:2      | Reached XP level 4. HP: 23/40 MP: 4/4
  3540 | D:3      | Became a worshipper of Beogh the Brigand
  3774 | D:3      | Killed a scorpion
  3846 | D:3      | Found an opulent altar of Gozag.
  3937 | D:3      | Reached XP level 5. HP: 43/46 MP: 5/5
  4121 | D:4      | Reached skill level 1 in Throwing
  4504 | D:4      | Identified the +6 spear "Umepuus" {holy, rC+ rN+ Will+}
  4611 | D:4      | Noticed Menkaure
  4616 | D:4      | Killed Menkaure
  4617 | D:4      | Reached skill level 4 in Axes
  4617 | D:4      | Reached skill level 1 in Invocations
  4617 | D:4      | Reached XP level 6. HP: 53/53 MP: 5/7
  5039 | D:4      | Killed an ice beast
  5153 | D:4      | Reached XP level 7. HP: 50/60 MP: 8/8
  5307 | D:4      | Reached skill level 5 in Fighting
  5384 | D:5      | Reached * piety under Beogh
  5720 | D:5      | Reached skill level 5 in Axes
  5824 | D:5      | Found a staircase to the Ecumenical Temple.
  6416 | D:5      | Reached XP level 8. HP: 57/69 MP: 7/10
  6472 | D:5      | Found a staircase to the Ecumenical Temple.
  6761 | D:6      | Found a glowing golden altar of the Shining One.
  6862 | D:6      | Found a shadowy altar of Dithmenos.
  7618 | D:5      | Reached skill level 6 in Axes
  8138 | D:7      | Found a huge runed translucent gate.
  8138 | D:7      | Found a huge runed translucent gate.
  8138 | D:7      | Noticed a dream sheep
  8148 | D:7      | Found a huge runed translucent gate.
  8148 | D:7      | Noticed a dream sheep
  8148 | D:7      | Noticed a polar bear
  8148 | D:7      | Noticed a wyvern
  8148 | D:7      | Noticed a wyvern
  8149 | D:7      | Found a huge runed translucent gate.
  8149 | D:7      | Noticed a polar bear
  8149 | D:7      | Noticed a wyvern
  8150 | D:7      | Noticed a yak
  8150 | D:7      | Noticed a manticore
  8150 | D:7      | Noticed a polar bear
  8187 | D:7      | Reached ** piety under Beogh
  8188 | D:7      | Reached XP level 9. HP: 77/77 MP: 12/12
  8191 | D:7      | Found a shimmering blue altar of Sif Muna.
  8627 | D:7      | Reached skill level 5 in Invocations
  8802 | D:8      | Noticed Erica
  8833 | D:7      | Killed Erica
  8834 | D:7      | Reached skill level 7 in Axes
  8834 | D:7      | Reached skill level 5 in Armour
  9364 | D:7      | Reached skill level 5 in Evocations
  9687 | D:7      | Reached XP level 10. HP: 86/86 MP: 14/14
  9769 | D:8      | Found a staircase to the Lair.
 10806 | D:9      | Found Feicw's Armour Emporium.
 10844 | D:9      | Found a flagged portal.
 10854 | Bailey   | Entered a bailey
 11229 | Bailey   | Noticed an orc knight
 11254 | Bailey   | Killed an orc knight
 11484 | Bailey   | Noticed an orc knight
 11494 | Bailey   | Killed an orc knight
 11495 | Bailey   | Reached skill level 8 in Axes
 11495 | Bailey   | Reached skill level 5 in Dodging
 11828 | Bailey   | Found a burning altar of Makhleb.
 11912 | D:9      | Reached skill level 5 in Throwing
 12331 | D:9      | Found Kagycyud's Armour Shop.
 12507 | D:9      | Found a basalt altar of Yredelemnul.
 12507 | D:9      | Found an iron altar of Okawaru.
 12540 | D:9      | Found Ujokotz's Antique Armour Shop.
 13393 | D:9      | Found a staircase to the Orcish Mines.
 14034 | D:9      | Found a broken altar of Ashenzari.
 14108 | D:9      | Reached skill level 1 in Shields
 14661 | D:9      | Found a staircase to the Orcish Mines.
 14756 | D:9      | Reached *** piety under Beogh
 14822 | D:9      | Found Feicw's Armour Emporium.
 14863 | D:9      | Found Ujokotz's Antique Armour Shop.
 14999 | D:9      | Found Kagycyud's Armour Shop.
 15145 | D:9      | Found an iron altar of Okawaru.
 15146 | D:9      | Found a basalt altar of Yredelemnul.
 15186 | D:9      | Found a broken altar of Ashenzari.
 15429 | D:10     | Entered Level 10 of the Dungeon
 15429 | D:10     | Noticed Snorg
 15837 | D:10     | Killed Snorg
 15838 | D:10     | Reached XP level 11. HP: 95/95 MP: 16/16
 15879 | D:10     | Noticed a two-headed ogre
 15886 | D:10     | Killed a two-headed ogre
 15887 | D:10     | Reached skill level 9 in Axes
 16137 | D:10     | Noticed a two-headed ogre
 16149 | D:10     | Killed a two-headed ogre
 16463 | D:10     | Found a snail-covered altar of Cheibriados.
 16479 | D:10     | Identified the +1 robe of Pathos {rElec}
 16479 | D:10     | Noticed a tengu warrior
 16493 | D:10     | Killed a tengu warrior
 16871 | Lair:1   | Entered Level 1 of the Lair of Beasts
 17063 | Orc:1    | Entered Level 1 of the Orcish Mines
 17086 | Orc:1    | Noticed an orc sorcerer
 17099 | Orc:1    | Killed an orc sorcerer
 17255 | Orc:1    | Noticed an orc high priest
 17259 | Orc:1    | Killed an orc high priest
 17365 | Orc:1    | You fall into a shaft and drop 1 floor!
 17365 | Orc:2    | Entered Level 2 of the Orcish Mines
 17365 | Orc:2    | Noticed a centaur warrior
 17376 | Orc:2    | Noticed a cyclops
 17377 | Orc:2    | Reached skill level 10 in Axes
 17378 | Orc:2    | Noticed Donald
 17378 | Orc:2    | Noticed an orc high priest
 17387 | Orc:2    | Mangled by Donald

Illustrated notes

Levels and vault maps discovered:
D:1:      denvon_arrival_planthouse, layout_basic, ebering_ecumenical_altar_box,
          minmay_misc_feat_nine_boxes
D:2:      layout_loops_ring, serial_forest, infiniplex_forest_straight_1,
          infiniplex_forest_join, infiniplex_forest_end_3,
          infiniplex_forest_end_2, infiniplex_forest_clump_C,
          grunt_ministairs_5, minmay_liquid_box
D:3:      layout_rooms, mainiacjoe_overflow_brackets
D:4:      layout_basic, uniq_menkaure
D:5:      layout_rooms, temple_green
D:6:      layout_cave_pools, nicolae_dithmenos_the_darkroom,
          nicolae_tso_besieged_by_evil, chequers_decorated_corner,
          minmay_mini_ossuary
D:7:      lemuel_bear_cage, layout_loops_cross, led_sif_book,
          kennysheep_generic_room_15
D:8:      layout_rooms, lair_entry_dummy, hex_intersection, uniq_erica
D:9:      layout_basic, evilmike_ruin_ashenzari,
          gammafunk_temple_overflow_pools, hiddenorc2_lemuel, enter_bailey_5,
          serial_shops, shop, nicolae_take_the_stairs,
          nicolae_shop_competitors_out_of_business
D:10:     layout_irregular_city, mainiacjoe_overflow_tiny_flanked, uniq_snorg
Lair:1:   layout_regular_city, lemuel_fruit_fields, uniq_prince_ribbit2
Orc:1:    layout_caves
Orc:2:    st_orc_rangers, layout_caves, basic_altar, hellmonk_bongcloud_opening,
          uniq_maurice, uniq_donald

Skill      XL: |  1  2  3  4  5  6  7  8  9 10 11 |
---------------+----------------------------------+-----
Axes           | 3 4 5 6 7 8 10 | 10.0
Armour         | 1 2 3 4 5 6 8 |  8.0
Fighting       | 4 5 6 7 8 9 |  9.5
Evocations     | 1 2 3 4 5 6 |  6.0
Dodging        | 2 3 4 5 6 |  6.3
Throwing       | 1 2 3 4 5 6 |  6.0
Invocations    | 1 2 3 4 6 7 |  7.0
Shields        | 2 4 |  4.6
Stealth        | |  4.1

Action                   |  1- 3 |  4- 6 |  7- 9 | 10-12 || total
-------------------------+-------+-------+-------+-------++-------
Melee: Hand axe          |   152 |   273 |       |       ||   425
       Mace              |       |    44 |       |       ||    44
       Spear             |       |    57 |   334 |   424 ||   815
Throw: Dart              |       |     2 |    12 |    44 ||    58
Invok: Convert to Beogh  |       |     1 |       |       ||     1
       Smiting           |       |       |       |     1 ||     1
Evoke: Wand              |       |       |       |    17 ||    17
  Use: Scroll            |     2 |       |     1 |    14 ||    17
       Potion            |     1 |       |     2 |       ||     3
 Stab: Sleeping          |     2 |     1 |     7 |     2 ||    12
       Distracted        |     1 |       |     1 |       ||     2
       Paralysed         |       |       |       |     4 ||     4
Armor: Leather armour    |    13 |       |       |       ||    13
       Ring mail         |    45 |    56 |   140 |   263 ||   504
Dodge: Dodged            |   104 |    81 |   199 |   347 ||   731
Block: Kite shield       |       |       |       |    80 ||    80

Table legend: (Time is in decaauts)
 A = Elapsed time spent in this place.
 B = Non-inter-level travel time spent in this place.
 C = Inter-level travel time spent in this place.
 D = Time resting spent in this place.
 E = Time spent auto-exploring this place.
 F = Levels seen in this place.
 G = Mean time per level.
                   A        B        C        D        E       F      G
               +--------+--------+--------+--------+--------+-----+--------+
         Total |  17465 |  16600 |    865 |   1915 |  11623 |  14 | 1247.5 |
       Dungeon |  15987 |  15158 |    829 |   1501 |  10997 |  10 | 1598.7 |
          Lair |    128 |     93 |     35 |      0 |     61 |   1 |  128.0 |
  Orcish Mines |    326 |    326 |      0 |      0 |    227 |   2 |  163.0 |
        Bailey |   1023 |   1023 |      0 |    414 |    338 |   1 | 1023.0 |
               +--------+--------+--------+--------+--------+-----+--------+

Top non-repeatable levels by time:
     D:9: 3238 daAuts
     D:7: 2259 daAuts
     D:2: 2068 daAuts
     D:3: 1538 daAuts
    D:10: 1368 daAuts
     D:5: 1348 daAuts
     D:4: 1164 daAuts
     D:8: 1089 daAuts
  Bailey: 1023 daAuts
     D:6: 1020 daAuts
     D:1: 889 daAuts
   Orc:1: 304 daAuts
  Lair:1: 128 daAuts
   Orc:2: 21 daAuts
